 Dungeon Crawl Stone Soup version 0.30-b1-2-g02819fbbbe (webtiles) character file.

Game seed: 11884438935356395261

34448 LLlMATKO the Fighter (level 13, -19/119 HPs)
             Began as a Minotaur Berserker on May 6, 2023.
             Was a High Priest of Trog.
             Demolished by a bog body (28 damage)
             ... on level 3 of the Lair of Beasts.
             The game lasted 00:21:19 (15975 turns).

LLlMATKO the Fighter (Minotaur Berserker)          Turns: 15975, Time: 00:21:20

Health: -19/119    AC: 18    Str: 27    XL:     13   Next: 42%
Magic:  12/12      EV: 11    Int:  4    God:    Trog [*****.]
Gold:   1270       SH: 11    Dex: 12    Spells: 12/12 levels left

rFire   + . .        w - +7 broad axe of Qoupp {flame, rElec rPois Dex+2}
rCold   . . .        G - +0 kite shield
rNeg    . . .        O - +0 plate armour
rPois   +            (helmet restricted)
rElec   +            (no cloak)
rCorr   .            Q - +0 pair of gloves
SInv    .            x - +0 pair of boots
Will    +....        (no amulet) Stlth
                     D - ring of protection from fire
HPRegen 0.39/turn    b - ring of willpower
MPRegen 0.13/turn

%: no passive effects
@: on berserk cooldown, slowed, studying Dodging, very slow
A: horns 2, retaliatory headbutt
a: Renounce Religion, Berserk, Trog's Hand, Brothers in Arms


You were on level 3 of the Lair of Beasts.
You worshipped Trog.
Trog was extremely pleased with you.
You visited 2 branches of the dungeon, and saw 16 of its levels.
You also visited: Volcano.

You collected 1270 gold pieces.

Inventory:

Hand Weapons
 q - a +4 sling
 w - the +7 broad axe of Qoupp (weapon) {flame, rElec rPois Dex+2}
   (You acquired it on level 2 of the Lair of Beasts)

   Dex:       It affects your dexterity (+2).
   rElec:     It insulates you from electricity.
   rPois:     It protects you from poison.
Missiles
 i - 2 throwing nets
 j - 16 boomerangs (quivered)
 m - 2 poisoned darts
 F - 8 atropa-tipped darts
Armour
 p - a +2 scale mail of cold resistance
 r - a +2 ring mail of willpower
 x - a +0 pair of boots (worn)
 G - a +0 kite shield (worn)
 I - +0 fire dragon scales
 O - a +0 plate armour (worn)
 Q - a +0 pair of gloves (worn)
Jewellery
 a - a +5 ring of evasion
 b - a ring of willpower (right hand)
 f - a +5 ring of evasion
 D - a ring of protection from fire (left hand)
 M - a +5 ring of evasion
Wands
 v - a wand of iceblast (6)
 H - a wand of paralysis (9)
 J - a wand of mindburst (20)
 P - a wand of polymorph (4)
 W - a wand of acid (13)
 Y - a wand of flame (19)
Scrolls
 c - 5 scrolls of immolation
 e - 3 scrolls of teleportation
 k - 4 scrolls of noise
 l - 4 scrolls of blinking
 n - 2 scrolls of poison
 u - 15 scrolls of identify
 y - 4 scrolls of magic mapping
 L - a scroll of fog {unknown}
 N - a scroll of brand weapon {unknown}
 R - 2 scrolls of fear
 S - 5 scrolls of amnesia {unknown}
 T - a scroll of enchant weapon
 U - 3 scrolls of enchant armour {unknown}
 Z - a scroll of torment {unknown}
Potions
 d - 8 potions of curing
 g - 2 potions of attraction {unknown}
 h - 5 potions of might
 o - 3 potions of heal wounds
 s - 3 potions of berserk rage {unknown}
 t - 2 potions of haste {unknown}
 z - 3 potions of lignification {unknown}
 A - 2 potions of invisibility {unknown}
 B - 2 potions of mutation {unknown}
 C - a potion of ambrosia {unknown}
 E - 3 potions of brilliance {unknown}
 K - a potion of cancellation {unknown}
 V - 2 potions of flight {unknown}
 X - 2 potions of magic {unknown}


   Skills:
 + Level 12.4 Fighting
 + Level 12.4 Axes
 + Level 10.5 Ranged Weapons
 + Level 12.1 Armour
 + Level 12.1 Dodging
 + Level 9.7 Shields


You had 12 spell levels left.
You didn't know any spells.
Your spell library was empty.

Dungeon Overview and Level Annotations

Branches:
Dungeon (13/15)            Temple (0/1) D:5            Lair (3/5) D:8
  Swamp (0/4) Lair:3       Spider (0/4) Lair:2          Orc (0/2) D:10
Volcano (visited)
 Vaults: D:13-14

Altars:
Ashenzari
Fedhas
Gozag
Kikubaaqudgha
Makhleb
Qazlal
Sif Muna
Uskayaw
Vehumet
Wu Jian
Yredelemnul
Zin

Shops:
D:5 [


Innate Abilities, Weirdness & Mutations

You have a pair of horns on your head.
You reflexively headbutt those who attack you in melee.


Message History

You feel yourself moving faster!
You feel mighty!
The blink frog blinks!
The bog body touches you!
* * * LOW HITPOINT WARNING * * *
The bog body freezes you!!
* * * LOW HITPOINT WARNING * * *
You block the bog body's attack.
You completely miss the bog body. The bog body misses you.
Unknown command.
You slash the bog body! You headbutt the bog body.
The bog body is moderately damaged.
You barely miss the blink frog. You block the blink frog's attack.
The bog body touches you but does no damage.
Unknown command.
You slice the bog body!! You burn the bog body.
You destroy the bog body!
Trog accepts your kill.
Trog appreciates your killing of a magic user.
You slash the blink frog! You burn the blink frog. The blink frog misses you.
You furiously retaliate!
You headbutt the blink frog!
Unknown command.
You barely miss the blink frog. Your headbutt misses the blink frog.
The blink frog is severely wounded.
The blink frog blinks!
You slash the blink frog! You burn the blink frog.
You kill the blink frog!
Trog accepts your kill.
A bog body comes into view.
Found an escape hatch in the ceiling.
Found a staircase to the Swamp.
You feel a strong urge to attack something.
You are no longer berserk.
You are exhausted.
You feel as though you will be slow longer.
The bog body barely misses you.
You barely miss the bog body. You headbutt the bog body!
The bog body is moderately damaged.
The bog body casts a spell at you. The bolt of cold misses you.
The bog body touches you.
* * * LOW HITPOINT WARNING * * *
The bog body freezes you!!
You die...

#P###..####..P##.#.P.#
.............######..##
##..#P>....#.###.##...#
#P.#..........#.##....###
##.........#.........#.#####
###..(.......##.P#.......##..###
#..††PP....P#.#..........#......
#.....P).....#..............#.##
##....PP..###...@........†...###
#.<.......# ##.##n.......[...##
##..P....## ####.....†......†#
#.##.....# ##........##..#
....#.#.##..# ##...##.###..#
#............. #...#### #.##
##.........### #.P.# #.#
##...#....# ...... #.#
#...#.#..# ...~~~. #..


You could see a bog body.

Vanquished Creatures
  A red draconian (Volcano)
  Snorg (D:12)
  A hydra (Lair:2)
  2 boulder beetles
  The ghost of phunky83 the Slicer, a novice MiFi of Dithmenos (D:10)
  A two-headed ogre (D:10)
  Amaemon (D:8)
  Lodul (D:13)
  A bog body (Lair:3)
  4 salamanders (Volcano)
  Pikel (D:5)
  2 deep elf pyromancers
  An ugly thing (D:12)
  An oklob plant (Lair:3)
  2 cyclopes
  2 black mambas (Lair:2)
  5 molten gargoyles (Volcano)
  5 cane toads
  An orange demon (D:8)
  An unseen horror (D:10)
  Psyche (D:8)
  6 gargoyles (Volcano)
  3 rime drakes
  Maggie (D:7)
  A kobold demonologist (D:11)
  An efreet (D:13)
  3 komodo dragons
  A meliai (Lair:2)
  17 blink frogs
  A hornet (D:11)
  A polar bear (Lair:2)
  Grinder (D:3)
  2 shadows
  2 wyverns
  15 yaks
  2 basilisks (Lair:2)
  A steam dragon (D:6)
  A human (D:12)
  3 hogs (D:12)
  3 vampire mosquitoes (D:12)
  Menkaure (D:5)
  The ghost of dunno567 the Digger, an amateur GrEE (D:4)
  2 water moccasins
  A swamp drake (D:10)
  An ice beast (D:7)
  A black bear (D:6)
  2 orc warriors
  The ghost of Hyawatha the Shooter, an amateur MiHu of Hepliaklqana (D:4)
  10 ogres
  8 centaurs
  22 wolves
  A phantom (D:5)
  The ghost of kthxbai the Gusty, an amateur TeAE (D:4)
  12 bullfrogs
  2 scorpions (D:5)
  4 gnoll sergeants
  12 killer bees
  7 howler monkeys
  A crimson imp (D:10)
  7 orc priests
  2 jellies
  A hound (D:5)
  2 gnoll boudas
  Terence (D:2)
  3 iguanas
  14 orc wizards
  Robin (D:3)
  28 gnolls
  7 adders
  3 white imps
  3 worms
  3 dart slugs
  50 orcs
  5 endoplasms
  4 giant cockroaches
  13 goblins
  6 hobgoblins
  2 jackals (D:2)
  2 quokkas
  9 ball pythons
  5 bats
  3 frilled lizards
  5 kobolds
  5 rats
  3 bushes (Lair:3)
378 creatures vanquished.

Vanquished Creatures (collateral kills)
  A steam dragon (D:9)
  A water moccasin (D:9)
2 creatures vanquished.

Vanquished Creatures (others)
  A yak (D:8)
  13 fungi
  12 plants
26 creatures vanquished.

Grand Total: 406 creatures vanquished

Notes
Turn   | Place    | Note
-------+----------+-------------------------------------------
     0 | D:1      | LLlMATKO the Minotaur Berserker began the quest for the
                  | Orb.
     0 | D:1      | Reached XP level 1. HP: 19/19 MP: 0/0
   230 | D:1      | Reached XP level 2. HP: 17/27 MP: 1/1
   552 | D:1      | Reached XP level 3. HP: 33/33 MP: 2/2
   599 | D:1      | Found a faded altar of an unknown god.
   714 | D:2      | Identified the -2 helmet "Ziqecrukh" {-Cast Regen+ SInv}
   779 | D:2      | Reached ** piety under Trog
   989 | D:2      | Noticed Terence
   998 | D:2      | Killed Terence
   999 | D:2      | Reached XP level 4. HP: 41/41 MP: 3/3
  1528 | D:3      | Noticed Robin
  1535 | D:3      | Reached XP level 5. HP: 47/47 MP: 4/4
  1540 | D:3      | Killed Robin
  1638 | D:3      | Found a broken altar of Ashenzari.
  1638 | D:3      | Found an opulent altar of Gozag.
  1755 | D:3      | Noticed Grinder
  1776 | D:3      | Killed Grinder
  1777 | D:3      | Reached skill level 5 in Fighting
  1777 | D:3      | Reached skill level 5 in Axes
  1777 | D:3      | Reached skill level 1 in Ranged Weapons
  1777 | D:3      | Reached XP level 6. HP: 40/56 MP: 5/5
  2257 | D:3      | Reached *** piety under Trog
  2592 | D:4      | Found a runed translucent gate.
  2592 | D:4      | Found a runed translucent gate.
  2592 | D:4      | Found a runed translucent gate.
  2594 | D:4      | Noticed dunno567's ghost (amateur GrEE)
  2594 | D:4      | Noticed kthxbai's ghost (amateur TeAE)
  2594 | D:4      | Noticed Hyawatha's ghost (amateur MiHu)
  3063 | D:4      | Killed kthxbai's ghost
  3064 | D:4      | Reached XP level 7. HP: 61/61 MP: 6/6
  3064 | D:4      | Killed dunno567's ghost
  3065 | D:4      | Reached skill level 5 in Armour
  3067 | D:4      | Killed Hyawatha's ghost
  3130 | D:5      | Entered Level 5 of the Dungeon
  3253 | D:5      | Reached skill level 5 in Dodging
  3361 | D:5      | Found a stormy altar of Qazlal.
  3372 | D:5      | Found Duoterul's Armour Emporium.
  3398 | D:5      | Reached XP level 8. HP: 38/70 MP: 7/7
  3506 | D:5      | Noticed Menkaure
  3513 | D:5      | Killed Menkaure
  3562 | D:5      | Found a staircase to the Ecumenical Temple.
  3611 | D:5      | Noticed Pikel
  3643 | D:5      | Killed Pikel
  3727 | D:5      | Found a hide-covered altar of Uskayaw.
  3786 | D:5      | Found a basalt altar of Yredelemnul.
  3793 | D:5      | Found a shimmering blue altar of Sif Muna.
  4414 | D:6      | Reached XP level 9. HP: 79/79 MP: 8/8
  4420 | D:6      | Reached skill level 5 in Ranged Weapons
  4888 | D:6      | Identified the +5 flail of the Bespelling Lamprey {flame,
                  | rCorr}
  5260 | D:7      | Noticed Maggie
  5271 | D:7      | Killed Maggie
  5272 | D:7      | Reached skill level 1 in Shields
  6192 | D:8      | Found a staircase to the Lair.
  6256 | D:8      | Reached **** piety under Trog
  6258 | D:8      | Noticed Psyche
  6264 | D:8      | Noticed Amaemon
  6265 | D:8      | Killed Psyche
  6272 | D:8      | Reached XP level 10. HP: 83/90 MP: 7/9
  6273 | D:8      | Noticed an orange demon
  6292 | D:7      | HP: 2/90 [ice beast (7)]
  6649 | D:8      | Killed Amaemon
  6650 | D:8      | Killed an orange demon
  7446 | D:9      | Found a glowing silver altar of Zin.
  7447 | D:9      | Found an ancient bone altar of Kikubaaqudgha.
  7448 | D:9      | Found a blossoming altar of Fedhas.
  7913 | D:9      | Found an ornate altar of the Wu Jian Council.
  8127 | D:10     | Entered Level 10 of the Dungeon
  8166 | D:10     | Found a burning altar of Makhleb.
  8169 | D:10     | Found a radiant altar of Vehumet.
  8366 | D:10     | Found a runed translucent gate.
  8366 | D:10     | Found a runed translucent gate.
  8367 | D:10     | Found a runed translucent gate.
  8370 | D:10     | Noticed phunky83's ghost (novice MiFi)
  8620 | D:10     | Noticed a two-headed ogre
  8626 | D:10     | Killed a two-headed ogre
  8627 | D:10     | Reached skill level 5 in Shields
  8940 | D:10     | Found a staircase to the Orcish Mines.
  9092 | D:10     | Killed phunky83's ghost
  9093 | D:10     | Reached XP level 11. HP: 99/99 MP: 10/10
  9706 | D:11     | Reached skill level 10 in Axes
  9727 | D:11     | Reached skill level 10 in Fighting
  9768 | D:11     | Noticed a boulder beetle
  9802 | D:11     | Killed a boulder beetle
 10205 | D:12     | Noticed a deep elf pyromancer
 10220 | D:12     | Killed a deep elf pyromancer
 10327 | D:12     | Noticed a red ugly thing
 10337 | D:12     | Killed a red ugly thing
 10338 | D:12     | Reached skill level 10 in Armour
 10658 | D:12     | Noticed Snorg
 10670 | D:12     | Killed Snorg
 10823 | D:12     | Reached ***** piety under Trog
 10967 | D:12     | Noticed a boulder beetle
 10985 | D:12     | Killed a boulder beetle
 11559 | D:13     | Noticed Lodul
 11569 | D:13     | Killed Lodul
 11573 | D:13     | Reached XP level 12. HP: 63/108 MP: 11/11
 11859 | Lair:1   | Entered Level 1 of the Lair of Beasts
 13097 | Lair:2   | Identified 2 scrolls of acquirement
 13097 | Lair:2   | Acquired the +7 broad axe of Qoupp {flame, rElec rPois
                  | Dex+2}
 13098 | Lair:2   | Acquired a manual of Dodging
 13128 | Lair:2   | Reached skill level 10 in Dodging
 13621 | Lair:2   | Noticed an eight-headed hydra
 13626 | Lair:2   | Killed a five-headed hydra
 13642 | Lair:2   | Found a dark tunnel.
 13647 | Volcano  | Entered a volcano
 14228 | Volcano  | Reached skill level 10 in Ranged Weapons
 14228 | Volcano  | Reached XP level 13. HP: 114/117 MP: 12/12
 14356 | Volcano  | Noticed a red draconian
 14374 | Volcano  | Killed a red draconian
 14671 | Volcano  | Noticed an orb of fire
 14750 | Volcano  | Noticed an orb of fire
 15267 | Lair:2   | Found a hole to the Spider Nest.
 15960 | Lair:3   | HP: 7/178 [bog body (20)]
 15968 | Lair:3   | Found a staircase to the Swamp.
 15975 | Lair:3   | Demolished by a bog body

Illustrated notes

Levels and vault maps discovered:
D:1:      lemuel_arrival_funnel, layout_loops_cross,
          shapermc_ecumenical_altar_mp_highgroup, corexii_leaking_fountain
D:2:      layout_basic, minmay_pentomino_o2, uniq_terence
D:3:      layout_basic, amethyst_overflow_temple_binary, uniq_robin,
          uniq_grinder
D:4:      layout_loops_cross, gammafunk_ghost_cemetery
D:5:      layout_gridville, amcnicky_altar_gilded, nicolae_uskayaw_dance_hall,
          grunt_temple_overflow_open, minmay_temple_entry_arrows, serial_shops,
          shop_fountains, uniq_pikel, uniq_menkaure
D:6:      layout_loops_ring
D:7:      layout_basic, minmay_misc_feat_encased, uniq_maggie
D:8:      layout_loops_cross, lair_entry_dummy, kennysheep_generic_room_15,
          uniq_psyche, uniq_amaemon
D:9:      layout_loops_corners, nzn_wu_jian_contemplation,
          chequers_temple_overflow_statue_of_worship, nicolae_wwwww
D:10:     layout_roguey, grunt_temple_overflow_lords_of_destruction, erik_orc_1,
          ebering_ghost_rock_garden
D:11:     layout_gridville
D:12:     layout_stronghold, grunt_livestock, uniq_snorg
D:13:     layout_rooms, grunt_vaults_entry_fortified, nicolae_eternal_life,
          minivault_4, worldfamousw_hep_ancestral_shrine, uniq_lodul
Lair:1:   layout_cave_pods, serial_bayou_shore_b
Lair:2:   layout_cave_pods, hellmonk_spider_entry_not_the_bees,
          nicolae_volcano_entry_s_turn, serial_bayou_shore_b
Lair:3:   layout_loops_ring, skrybe_swamp_entry_bodies,
          minmay_lair_oklob_bushes, grunt_megastairs_2,
          infiniplex_staircase_pool_2

Skill      XL: |  1  2  3  4  5  6  7  8  9 10 11 12 13 |
---------------+----------------------------------------+-----
Fighting       | 4 5 6 7 8 9 10 11 12 | 12.4
Axes           | 4 5 6 7 8 9 10 11 12 | 12.4
Armour         | 3 4 5 6 8 9 10 11 12 | 12.1
Dodging        | 3 4 5 6 7 8 9 11 12 | 12.1
Ranged Weapons | 1 2 3 4 6 7 8 10 | 10.5
Shields        | 3 5 7 9 |  9.7

Action                     |  1- 3 |  4- 6 |  7- 9 | 10-12 | 13-15 || total
---------------------------+-------+-------+-------+-------+-------++-------
  Melee: Hand axe          |    70 |    56 |    93 |       |       ||   219
         Headbutt          |    13 |    14 |    31 |    77 |    23 ||   158
         Punch             |       |     2 |     1 |       |       ||     3
         Broad axe         |       |       |    47 |   389 |   134 ||   570
         Flail             |       |       |    18 |       |       ||    18
   Fire: Sling             |       |    56 |   108 |   160 |       ||   324
  Throw: Throwing net      |       |       |     1 |     4 |       ||     5
         Boomerang         |       |       |       |     6 |     4 ||    10
 Invoke: Berserk           |     1 |     3 |     3 |     7 |     3 ||    17
         Trog's Hand       |       |     1 |       |     1 |       ||     2
         Brothers in Arms  |       |       |       |     1 |       ||     1
    Use: Scroll            |       |       |       |    14 |       ||    14
         Potion            |       |       |       |     2 |       ||     2
   Stab: Held in net/web   |       |       |       |     1 |       ||     1
 Armour: Scale mail        |    16 |    26 |    35 |       |       ||    77
         Plate armour      |       |       |    23 |   138 |    52 ||   213
  Dodge: Dodged            |    47 |    59 |   123 |   347 |    52 ||   628
  Block: Buckler           |       |       |    15 |    50 |       ||    65
         Kite shield       |       |       |       |   197 |    58 ||   255
